 Dungeon Crawl Stone Soup version 0.18-a0-1628-g61c6396 (webtiles) character file.

12392 Gorice the Brawler (level 11, -8/89 HPs)
             Began as a Troll Transmuter on Mar 25, 2016.
             Was a High Priest of the Shining One.
             Mangled by an orc knight
             ... wielding a +0 bardiche
              (27 damage)
             ... on level 10 of the Dungeon.
             The game lasted 00:41:43 (8538 turns).

Gorice the Brawler (Troll Transmuter)               Turns: 8538, Time: 00:41:44

Health: -8/89      AC: 10    Str: 22    XL:     11   Next: 61%
Magic:  15/15      EV: 12    Int: 12    God:    the Shining One [*****.]
Gold:   576        SH:  0    Dex: 10    Spells: 2 memorised, 8 levels left

rFire  . . .     SeeInvis .       - Unarmed
rCold  . . .     Gourm    +     D - +2 robe {MR+}
rNeg   + + +     Faith    .     (no shield)
rPois  .         Spirit   .     k - +2 hat of the High Council {Archmagi, Wiz- Stlth-}
rElec  .         Dismiss  .     M - +0 cloak
rCorr  .         Reflect  .     (gloves unavailable)
SustAt .         Harm     .     (boots unavailable)
MR     +....                    (no amulet)
Stlth  ..........               C - +3 ring of evasion
                                w - ring of positive energy

@: glowing, somewhat resistant to hostile enchantments, extremely unstealthy
A: unfitting armour, claws 3, fast metabolism 3, gourmand, mutation resistance
1, regeneration 2, shaggy fur 1, strong 1, tough skin 2
a: Divine Shield, Cleansing Flame, Summon Divine Warrior, Renounce Religion


You were on level 10 of the Dungeon.
You worshipped the Shining One.
The Shining One was extremely pleased with you.
You were very full.

You visited 2 branches of the dungeon, and saw 11 of its levels.
You also visited: Ossuary.

You collected 576 gold pieces.

Inventory:

Missiles
 m - 231 arrows
 o - 9 arrows of dispersal
 y - 69 sling bullets
 I - 2 tomahawks (quivered)
 K - 6 poisoned arrows
 V - 25 bolts
 Y - a throwing net
 Z - 229 stones
Armour
 k - the +2 hat of the High Council (worn) {Archmagi, Wiz- Stlth-}
   (You found it on level 7 of the Dungeon)

   It makes you less stealthy.
 D - a +2 robe of magic resistance (worn)
   (You took it off Pikel on level 5 of the Dungeon)
 M - a +0 cloak (worn)
Jewellery
 u - an uncursed ring of fire
 w - a ring of positive energy (left claw)
 C - a +3 ring of evasion (right claw)
 F - an uncursed ring of magical power
 L - an uncursed ring of magical power
 R - an uncursed ring of positive energy
Wands
 q - a wand of iceblast (10/15)
 t - a wand of lightning (0/15)
 P - a wand of iceblast (6/15)
Scrolls
 a - 3 scrolls of fear {!r}
 e - 5 scrolls of remove curse
 i - 7 scrolls of teleportation {!r}
 p - 2 scrolls of magic mapping {!r}
 B - 5 scrolls of enchant armour
 H - a scroll of amnesia
 J - 2 scrolls of enchant weapon
 N - a scroll of blinking
 Q - a scroll of holy word {unknown}
 S - 2 scrolls of identify
Potions
 f - a potion of ambrosia
 g - a potion of flight
 h - 2 potions of brilliance {!q}
 j - 2 potions of might {!q}
 r - 3 potions of heal wounds {!q}
 s - 2 potions of haste {!q}
 v - 4 potions of curing
 x - 4 potions of agility {!q}
 A - a potion of berserk rage
 E - a potion of cancellation {!q}
 G - a potion of lignification {!q}
Books
 c - a book of Changes
 z - a Fen Folio
 O - a book of Maledictions
 U - a book of Burglary
Comestibles
 b - 22 fruits
 d - 5 bread rations {!e}
 l - 5 meat rations {!e}
 n - 6 beef jerkies
 T - 5 chunks of flesh


   Skills:
 - Level 0.7 Fighting
 - Level 1.5 Dodging
 * Level 16.2 Unarmed Combat
 - Level 1.2 Spellcasting
 - Level 1.3 Transmutations
 + Level 7.0 Invocations


You had 8 spell levels left.
You knew the following spells:

 Your Spells              Type           Power        Failure   Level  Hunger
a - Passwall              Trmt/Erth      #.........   50%         2    ###....
S - Swiftness             Chrm/Air       #.......     67%         2    ###....


Dungeon Overview and Level Annotations

Branches:
Dungeon (10/15)            Temple (1/1) D:7
   Lair: D:8-11         Orc: D:9-12

Altars:
Ashenzari
Cheibriados
Dithmenos
Elyvilon
Fedhas
Gozag
Kikubaaqudgha
Makhleb
Nemelex Xobeh
Okawaru
Pakellas
Qazlal
Ru
Sif Muna
Trog
Vehumet
Xom
Yredelemnul
Zin
The Shining One

Shops:
D:7 =

Annotations:
D:9 UX: shafted here


Innate Abilities, Weirdness & Mutations

You are too large for most types of armour.
You have claws for hands.
Your metabolism is lightning-fast.
You like to eat raw meat.
You heal very quickly.
You are covered in fur (AC +1).
You have very tough skin (AC +2).
You are somewhat resistant to further mutation.
Your muscles are strong. (Str +2)


Message History

Damage: 3 (max 7)
Things that are here:
a dagger; a robe; an orc corpse The orc knight roars a battlecry!
The orc goes into a battle-frenzy!
You scratch the orc knight.
The orc knight is lightly wounded.
The orc knight completely misses you.
You claw the orc knight!
The orc knight is moderately wounded.
You mangle the orc knight!!
The orc knight is heavily wounded.
You scratch the orc knight but do no damage.
The orc knight is heavily wounded.
You mangle the orc warrior!!
The orc warrior is almost dead.
The orc knight hits you with a bardiche.
The orc warrior hits you with a short sword!
* * * LOW HITPOINT WARNING * * *
Damage: 20 (max 20)
You claw the orc warrior!
You kill the orc warrior!
You scratch the orc knight but do no damage.
The orc knight is heavily wounded.
The orc knight hits you with a bardiche!
* * * LOW HITPOINT WARNING * * *
Damage: 16 (max 20)
You claw the orc knight!
The orc knight is severely wounded.
The worker ant barely misses you.
Unknown command.
You barely miss the orc knight.
The orc knight is severely wounded.
The worker ant bites you.
* * * LOW HITPOINT WARNING * * *
You are poisoned.
The worker ant poisons you!
The orc knight hits you but does no damage.
Damage: 5 (max 20)
You claw the orc knight!
The orc knight is almost dead.
You feel sick.
The worker ant bites you but does no damage.
Damage: 1 (max 20) Unknown command.
Drink which item? (? for menu, Esc to quit)
You feel better.
The orc no longer looks unusually strong.
The orc knight hits you with a bardiche!!
You die...

#..# #......#....##.....##..#
#..# #....)o#.....###)####..#####
#..# #...o.ao..#........##.......
#..# #.....o#..#.........#....###
#.(# #...o..#).##..###...#...##
...###.....##..o#.##....##..#####
.o.()ooo.###.....o.....###......)
##.##....##....##a#...##.....####
######...#...###@o##..#......#
.)## #(..#.........#Z.#......####
8..8##(.(##........#.............
.....#...####.###.....#......####
....o[...##.....##....#.....[.#
.oo.o##..#.......##..###....#.##
8..8# #..#.......#########..#..#
o.## ##.....................##.##
######.......................#.#.


You could see an orc knight, a worker ant and an orc.

Vanquished Creatures
  Josephine (D:10)
  An unseen horror (D:10)
  A hill giant (D:10)
  Pikel (D:5)
  A deep elf mage (D:10)
  Psyche (D:8)
  A troll (D:10)
  Grinder (D:4)
  2 two-headed ogres
  7 yaks
  4 wraiths (D:10)
  2 wyverns
  A steam dragon (D:9)
  A hungry ghost (D:8)
  Edmund (D:4)
  A soldier ant (D:10)
  3 sky beasts
  An eye of draining (D:8)
  6 orc warriors
  3 ice beasts
  4 necrophages (D:7)
  2 phantoms
  A wasp (D:10)
  3 ogres
  7 centaurs
  Blork the orc (D:4)
  5 giant frogs
  2 scorpions
  A water moccasin skeleton (D:8)
  The ghost of Gorice the Chopper, a weakling DsBe of Trog (D:3)
  6 howler monkeys
  7 bog bodies (Ossuary)
  A jelly (D:9)
  2 crimson imps (D:5)
  4 centaur zombies
  A wasp zombie (D:5)
  2 giant frog zombies
  A quasit (D:10)
  An orc priest (D:9)
  3 centaur skeletons
  11 hounds
  8 orc wizards
  2 giant frog skeletons
  3 worker ants
  An iguana (D:7)
  A killer bee zombie (Ossuary)
  3 hound zombies (Ossuary)
  5 mummies (Ossuary)
  2 howler monkey zombies
  2 worker ant zombies
  7 adders
  4 shadow imps
  An ooze (D:5)
  5 adder zombies
  2 adder skeletons
  2 dart slugs
  3 worms
  4 giant geckos
  25 orcs
  4 bats
  3 giant cockroaches
  10 goblins
  3 hobgoblins (D:1)
  13 jackals
  A quokka (D:6)
  2 ball pythons
  A giant cockroach zombie (Ossuary)
  3 giant gecko skeletons
  2 giant gecko zombies
  3 giant newts
  A jackal zombie (D:8)
  4 kobolds
  A quokka skeleton (D:4)
  2 quokka zombies
  6 rats
  A bush (D:7)
  A plant (D:7)
247 creatures vanquished.

Vanquished Creatures (others)
  A giant gecko (D:5)
  An orc (D:5)
  A giant newt (D:5)
  A withered plant (Ossuary)
4 creatures vanquished.

Grand Total: 251 creatures vanquished

Notes
Turn   | Place    | Note
--------------------------------------------------------------
     0 | D:1      | Gorice the Troll Transmuter began the quest for the Orb.
     0 | D:1      | Reached XP level 1. HP: 18/18 MP: 1/1
   354 | D:1      | Reached XP level 2. HP: 26/26 MP: 2/2
   625 | D:2      | Reached skill level 4 in Unarmed Combat
   754 | D:2      | Reached XP level 3. HP: 25/32 MP: 3/3
   765 | D:2      | HP: 9/32 [dart slug/slug dart (4)]
  1147 | D:3      | Reached skill level 5 in Unarmed Combat
  1147 | D:3      | Reached XP level 4. HP: 37/40 MP: 4/4
  1224 | D:3      | Found a glowing silver altar of Zin.
  1224 | D:3      | Found an opulent altar of Gozag.
  1577 | D:3      | Noticed Gorice's ghost (weakling DsBe)
  1593 | D:3      | Killed Gorice's ghost
  1593 | D:3      | Reached XP level 5. HP: 46/46 MP: 5/5
  1632 | D:3      | Reached skill level 6 in Unarmed Combat
  1880 | D:4      | Noticed Grinder
  1888 | D:4      | Killed Grinder
  1888 | D:4      | Reached skill level 7 in Unarmed Combat
  1888 | D:4      | Reached XP level 6. HP: 39/54 MP: 6/6
  2248 | D:4      | Noticed Edmund
  2264 | D:4      | Killed Edmund
  2264 | D:4      | Reached skill level 8 in Unarmed Combat
  2264 | D:4      | Reached XP level 7. HP: 61/61 MP: 7/7
  2461 | D:4      | Noticed Blork the orc
  2486 | D:4      | Killed Blork the orc
  2618 | D:5      | Entered Level 5 of the Dungeon
  2620 | D:5      | Noticed Pikel
  2670 | D:5      | Found a glowing golden altar of the Shining One.
  2688 | D:5      | Became a worshipper of the Shining One
  2727 | D:5      | Reached skill level 9 in Unarmed Combat
  3012 | D:5      | Killed Pikel
  3012 | D:5      | Reached skill level 10 in Unarmed Combat
  3012 | D:5      | Reached XP level 8. HP: 52/68 MP: 8/8
  3041 | D:5      | Found a white marble altar of Elyvilon.
  3046 | D:5      | Found a radiant altar of Vehumet.
  3047 | D:5      | Found an oddly glowing altar of Pakellas.
  3048 | D:5      | Found an ancient bone altar of Kikubaaqudgha.
  3049 | D:5      | Found a burning altar of Makhleb.
  3051 | D:5      | Found a shadowy altar of Dithmenos.
  3417 | D:5      | Reached * piety under the Shining One
  3510 | D:5      | Found a deep blue altar of Sif Muna.
  3631 | D:6      | Reached skill level 11 in Unarmed Combat
  3750 | D:6      | Found a deep blue altar of Sif Muna.
  4035 | D:6      | You fall through a shaft for 3 floors!
  4152 | D:8      | Found an iron altar of Okawaru.
  4202 | D:8      | Reached XP level 9. HP: 24/75 MP: 9/9
  4202 | D:8      | HP: 19/75 [giant gecko (5)]
  4204 | D:8      | Reached skill level 12 in Unarmed Combat
  4230 | D:8      | Found a sand-covered staircase.
  4293 | Ossuary  | Entered an ossuary
  4401 | Ossuary  | Reached ** piety under the Shining One
  4609 | Ossuary  | Reached *** piety under the Shining One
  4682 | Ossuary  | Gained mutation: Your muscles are strong. (Str +2) [potion of beneficial mutation]
  4683 | Ossuary  | Gained mutation: You are somewhat resistant to further mutation. [potion of beneficial mutation]
  4881 | D:8      | Reached skill level 13 in Unarmed Combat
  4881 | D:8      | Reached skill level 1 in Invocations
  4913 | D:7      | Found Lauwof's Jewellery Shoppe.
  5232 | D:6      | Found a sacrificial altar of Ru.
  5421 | D:7      | Found a staircase to the Ecumenical Temple.
  5439 | D:7      | Reached skill level 2 in Invocations
  5577 | D:7      | Found a blossoming altar of Fedhas.
  5677 | D:7      | Reached **** piety under the Shining One
  5783 | D:8      | Found a blossoming altar of Fedhas.
  5795 | D:8      | Reached skill level 3 in Invocations
  5863 | D:8      | Reached XP level 10. HP: 65/83 MP: 11/11
  6179 | D:8      | Found a basalt altar of Yredelemnul.
  6181 | D:8      | Noticed a profane servitor
  6188 | D:8      | Found a glowing golden altar of the Shining One.
  6191 | D:8      | Noticed an angel
  6415 | Temple   | Entered the Ecumenical Temple
  6689 | D:9      | Reached skill level 14 in Unarmed Combat
  6727 | D:9      | Noticed Psyche
  6742 | D:8      | Killed Psyche
  6742 | D:8      | Reached skill level 4 in Invocations
  6983 | D:9      | Reached skill level 5 in Invocations
  7333 | D:10     | Entered Level 10 of the Dungeon
  7370 | D:10     | Reached skill level 15 in Unarmed Combat
  7401 | D:10     | Reached XP level 11. HP: 81/89 MP: 14/14
  7441 | D:10     | Noticed a deep elf mage
  7465 | D:10     | Killed a deep elf mage
  7629 | D:10     | Noticed an unseen horror
  7635 | D:10     | Killed an unseen horror
  7635 | D:10     | Reached skill level 6 in Invocations
  7773 | D:10     | Learned a level 2 spell: Passwall
  7776 | D:10     | Learned a level 2 spell: Swiftness
  7800 | D:10     | Found a runed door.
  8102 | D:10     | Noticed Josephine
  8110 | D:10     | Killed Josephine
  8110 | D:10     | Reached skill level 16 in Unarmed Combat
  8233 | D:10     | Noticed a hill giant
  8239 | D:10     | Killed a hill giant
  8454 | D:10     | Noticed an orc knight
  8475 | D:10     | Reached skill level 7 in Invocations
  8515 | D:10     | Reached ***** piety under the Shining One
  8534 | D:10     | HP: 16/89 [orc knight/bardiche (17)]
  8538 | D:10     | Mangled by an orc knight

Vault maps used:
D:1:      dpeg_arrival_round_a, minmay_stone_trees_large
D:2:      minmay_joined_circles
D:3:      grunt_temple_overflow_gold_and_silver, first_bread
D:4:      serial_park_tiny_1, uniq_edmund, uniq_blork_the_orc, uniq_grinder
D:5:      minitemple, basic_altar, tgw_sif, uniq_pikel
D:6:      nicolae_overflow_hidden_temple, serial_glass, glass_columns_a,
          glass_columns_a, nicolae_underground_beach
D:7:      minmay_temple_entry_from_below_a, serial_shops, nicolae_shop_crystal,
          fedhas_altar_decomposition
D:8:      grunt_temple_overflow_holy_war, basic_altar,
          lightli_ossuary_entry_decrepit_ruins,
          eino_small_chamber_without_monster, hangedman_tree_tricks
D:9:      uniq_psyche
D:10:     minmay_curly_fans, minmay_misc_feat_rows, grunt_decor_cap,
          lightli_church_of_beogh, uniq_josephine
Temple:   minmay_temple_bridge_a_8
Ossuary:  ossuary_zaba_flooded

Skill      XL: |  1  2  3  4  5  6  7  8  9 10 11 |
---------------+----------------------------------+-----
Unarmed Combat | 4 5 7 8 10 11 13 15 16 | 16.2
Invocations    | 3 5 7 |  7.0
Fighting       | |  0.7
Dodging        | |  1.5
Spellcasting   | |  1.2
Transmutations | |  1.3

Action                   |  1- 3 |  4- 6 |  7- 9 | 10-12 || total
-------------------------+-------+-------+-------+-------++-------
Melee: Unarmed           |    99 |    54 |   323 |   274 ||   750
Throw: Stone             |     2 |    14 |     7 |       ||    23
       Tomahawk          |       |       |     2 |     4 ||     6
Invok: Divine Shield     |       |       |       |     5 ||     5
Evoke: Wand              |       |     3 |     1 |       ||     4
  Use: Scroll            |     7 |     5 |    12 |     3 ||    27
       Potion            |       |       |     4 |     1 ||     5
  Eat: Chunk             |    16 |     8 |    36 |    26 ||    86

Table legend:
 A = Turns spent in this place as a percentage of turns spent in the entire game.
 B = Non-inter-level travel turns spent in this place as a percentage of non-inter-level travel turns spent in the entire game.
 C = Inter-level travel turns spent in this place as a percentage of turns spent in this place.
 D = Turns resting spent in this place as a percentage of non-inter-level travel turns spent in this place.
 E = Turns spent auto-exploring this place as a percentage of non-inter-level travel turns spent in this place.
 F = Non-inter-level travel turns spent in this place divided by the number of levels of this place that you've seen.
                   A       B       C       D       E      F
               +-------+-------+-------+-------+-------+----------------------
         Total | 100.0 | 100.0 |   0.5 |   0.9 |   5.9 | 292.4
       Dungeon |  88.5 |  88.4 |   0.5 |   0.8 |   6.6 | 310.3
        Temple |   1.1 |   1.1 |   2.6 |   0.0 |   0.0 |  37.0
       Ossuary |  10.5 |  10.5 |   0.0 |   2.2 |   0.8 | 369.0
               +-------+-------+-------+-------+-------+----------------------

Vault maps used:
D:1:      dpeg_arrival_round_a, minmay_stone_trees_large
D:2:      minmay_joined_circles
D:3:      grunt_temple_overflow_gold_and_silver, first_bread
D:4:      serial_park_tiny_1, uniq_edmund, uniq_blork_the_orc, uniq_grinder
D:5:      minitemple, basic_altar, tgw_sif, uniq_pikel
D:6:      nicolae_overflow_hidden_temple, serial_glass, glass_columns_a,
          glass_columns_a, nicolae_underground_beach
D:7:      minmay_temple_entry_from_below_a, serial_shops, nicolae_shop_crystal,
          fedhas_altar_decomposition
D:8:      grunt_temple_overflow_holy_war, basic_altar,
          lightli_ossuary_entry_decrepit_ruins,
          eino_small_chamber_without_monster, hangedman_tree_tricks
D:9:      uniq_psyche
D:10:     minmay_curly_fans, minmay_misc_feat_rows, grunt_decor_cap,
          lightli_church_of_beogh, uniq_josephine
Temple:   minmay_temple_bridge_a_8
Ossuary:  ossuary_zaba_flooded
